 Dungeon Crawl Stone Soup version 0.29-a0-284-gf9362112df (webtiles) character file.

Game seed: 5270511997440683109

10212 snetch the Thaumaturge (level 11, -11/76 HPs)
             Began as a Djinni Fire Elementalist on Apr 1, 2022.
             Was a High Priest of Makhleb.
             Mangled by a two-headed ogre
             ... wielding a +0 giant club
              (23 damage)
             ... on level 10 of the Dungeon.
             The game lasted 00:51:26 (12811 turns).

snetch the Thaumaturge (Djinni Fire Elementalist)  Turns: 12811, Time: 00:51:27

Health: -11/76     AC: 15    Str:  7    XL:     11   Next: 88%
Gold:   612        EV: 13    Int: 22    God:    Makhleb [*****.] SH:  5 Dex: 19

rFire   + + +      SeeInvis .   a - +9 falchion of the Vestibule of Hell {flame, rN++ rCorr Dex+3}
rCold   . . .      Faith    .   H - +0 buckler
rNeg    + + .      Spirit   .   Z - +0 acid dragon scales
rPois   ∞          Reflect  .   F - +0 helmet
rElec   .          Harm     .   G - scarf {rC+ rF+}
rCorr   +          Rampage  .   y - +1 pair of gloves {Dex+3}
Will    +....                   (boots unavailable)
Stlth   +++.......              u - amulet of the acrobat
HPRegen 0.22/turn               j - +4 ring of protection
MPRegen 0.00/turn               (no ring)

@: wereblooded, flying, studying Spellcasting
A: sickness immunity, fire resistance 2, cold vulnerability 1, float, innate
caster, HP casting, extra vitality 1
a: Renounce Religion, Minor Destruction, Lesser Servant of Makhleb, Major
Destruction, Greater Servant of Makhleb


You were on level 10 of the Dungeon.
You worshipped Makhleb.
Makhleb was extremely pleased with you.
You visited 2 branches of the dungeon, and saw 11 of its levels.
You also visited: Sewer.

You collected 1013 gold pieces.
You spent 401 gold pieces at shops.

Inventory:

Hand Weapons
 a - the +9 falchion of the Vestibule of Hell (weapon) {flame, rN++ rCorr Dex+3}
   (You acquired it on level 7 of the Dungeon)

   It burns those it strikes, dealing additional fire damage.
   Big, fiery blades are also staple armaments of hydra-hunters.
   Dex:       It affects your dexterity (+3).
   rN:        It greatly protects you from negative energy.
   rCorr:     It protects you from acid and corrosion.
 b - the +1 rapier of Xagocay {vamp, *Noise +Blink Int+4 Dex+5}
   (You found it on level 7 of the Dungeon)

   It occasionally heals its wielder for a portion of the damage dealt when it
   wounds a living foe.
   Int:       It affects your intelligence (+4).
   Dex:       It affects your dexterity (+5).
   +Blink:    It lets you blink.
   *Noise:    It may make noises in combat.
Missiles
 m - 396 stones
 A - 46 poisoned darts
 D - 6 javelins
 Q - a silver boomerang
 S - 3 boomerangs
 V - a throwing net
 X - 3 boomerangs of dispersal
Armour
 y - a +1 pair of gloves of dexterity (worn)
 F - a +0 helmet (worn)
 G - a scarf of resistance (worn)
 H - a +0 buckler (worn)
 W - an orb of mayhem
 Z - +0 acid dragon scales (worn)
Magical Staves
 c - a staff of air
Jewellery
 d - a ring of fire
 j - a +4 ring of protection (left hand)
 u - an amulet of the acrobat (around neck)
Wands
 i - a wand of iceblast (5)
 q - a wand of digging (6)
 P - a wand of paralysis (14)
 U - a wand of flame (42)
 Y - a wand of polymorph (6)
Scrolls
 g - 2 scrolls of brand weapon {unknown}
 h - 5 scrolls of fear
 n - 4 scrolls of enchant weapon {unknown}
 o - 2 scrolls of teleportation
 w - 4 scrolls of magic mapping {unknown}
 x - a scroll of vulnerability
 B - 2 scrolls of noise {unknown}
 C - a scroll of silence {unknown}
 J - 2 scrolls of torment {unknown}
 K - 2 scrolls of blinking {unknown}
 M - 3 scrolls of fog {unknown}
 N - 3 scrolls of immolation {unknown}
 O - 2 scrolls of amnesia {unknown}
 T - a scroll of enchant armour {unknown}
Potions
 e - 5 potions of might
 f - 11 potions of curing
 k - 2 potions of attraction {unknown}
 l - a potion of invisibility
 s - 2 potions of lignification {unknown}
 t - 4 potions of cancellation {unknown}
 v - 4 potions of flight {unknown}
 z - 3 potions of brilliance {unknown}
 E - 4 potions of heal wounds
 I - 2 potions of mutation {unknown}
 L - 4 potions of haste {unknown}
 R - a potion of berserk rage


   Skills:
 + Level 5.6 Fighting
 + Level 3.8 Long Blades
 + Level 7.2 Armour
 + Level 6.0 Dodging
 + Level 4.9 Stealth
 + Level 3.1 Shields
 + Level 10.7 Spellcasting
 + Level 0.3 Invocations


You had 4 spell levels left.
You knew the following spells:

 Your Spells              Type           Power      Damage    Failure   Level
a - Foxfire               Conj/Fire      100%       2x1d9     1%          1
b - Scorch                Fire           100%       2d10      1%          2
c - Conjure Flame         Conj/Fire      56%        6-21      1%          3
d - Inner Flame           Hex/Fire       56%        N/A       1%          3
e - Flame Wave            Conj/Fire      56%        2d11      1%          4
f - Slow                  Hex            100%       N/A       1%          1
g - Wereblood             Tmut           56%        N/A       1%          2
h - Mephitic Cloud        Conj/Pois/Air  56%        N/A       1%          3
i - Portal Projectile     Hex/Tloc       100%       N/A       1%          3
j - Alistair's Intoxicat  Tmut/Pois      37%        N/A       4%          5
Your spell library was empty.

Dungeon Overview and Level Annotations

Branches:
Dungeon (10/15)            Temple (1/1) D:6            Lair (0/6) D:8
  Sewer (visited)
    Orc: D:9-12

Altars:
Ashenzari
Cheibriados
Dithmenos
Elyvilon
Fedhas
Gozag
Hepliaklqana
Kikubaaqudgha
Makhleb
Nemelex Xobeh
Okawaru
Qazlal
Ru
Sif Muna
Trog
Uskayaw
Vehumet
Wu Jian
Xom
Yredelemnul
Zin
The Shining One
Jiyva

Shops:
D:1 !   D:6 [   D:7 (

Annotations:
D:8 angel behind glass
D:10 Lodul


Innate Abilities, Weirdness & Mutations

You are immune to sickness and miasma.
You are immune to poison.
Your flesh is very heat resistant. (rF++)
You are vulnerable to cold. (rC-)
You float through the air rather than walking.
You learn spells naturally, not from books.
Your magical power is your life essence.
You have superior vitality. (+4 MHP)


Message History

The two-headed ogre is engulfed in noxious fumes.
The two-headed ogre appears confused.
Electricity crackles from Lodul's apparatus.
The bolt of lightning misses you.
You slash the two-headed ogre! You burn the two-headed ogre.
The two-headed ogre is moderately wounded.
The two-headed ogre is engulfed in noxious fumes.
The two-headed ogre appears confused.
The two-headed ogre is engulfed in noxious fumes.
The two-headed ogre appears confused.
You block the two-headed ogre's attack.
The two-headed ogre hits you with a +0 giant club!!
Casting: Mephitic Cloud (safe; 1% risk of failure)
Confirm with . or Enter, or press ? or * to list all spells.
Flames lash the two-headed ogre.
The two-headed ogre is moderately wounded.
The two-headed ogre's fire resistance burns away.
The two-headed ogre is engulfed in noxious fumes.
The two-headed ogre hits itself with a +0 giant club!! x2
The two-headed ogre is killed!
Makhleb accepts your kill.
You feel better.
Your Dodging skill increases to level 6!
Your Shields skill increases to level 3!
Casting: Scorch (safe; 1% risk of failure)
Confirm with . or Enter, or press ? or * to list all spells.
Flames lash the two-headed ogre.
The two-headed ogre is heavily wounded.
The two-headed ogre's fire resistance burns away.
The two-headed ogre misses you. The two-headed ogre barely misses you.
Lodul is engulfed in noxious fumes.
Lodul appears confused.
Casting: Scorch (safe; 1% risk of failure)
Confirm with . or Enter, or press ? or * to list all spells.
Flames lash Lodul.
Lodul is moderately wounded.
Lodul's fire resistance burns away.
Lodul hits the two-headed ogre with a +0 dire flail!
The two-headed ogre hits you with a +0 giant club!!
* * * LOW HITPOINT WARNING * * *
The two-headed ogre hits you with a +0 giant club!!
You die... ... #OO

.#.#.. #.#
.#.#.#. #O#
#.#.#.. #O#
#.#... ...
#O# # #.#..
.... #O###
#.#+#...
.....##@..#
........
..........#
........
..........#
........
..........#
........
.....####.#
........
..... #.#
........
.... #.#
........
#### #.#
......##
#.# ##+#.#


You could see Lodul (confused, combustible), 4 two-headed ogres and an ogre.

Vanquished Creatures
  3 two-headed ogres (D:10)
  Pikel (D:5)
  Maggie (D:8)
  A troll (D:10)
  Prince Ribbit (D:9)
  Grinder (D:4)
  Sigmund (D:2)
  A vampire (D:10)
  5 yaks (D:9)
  A shadow (D:10)
  3 vampire mosquitoes (D:8)
  An acid dragon (D:9)
  Duvessa (D:7)
  2 water moccasins
  A black bear (D:4)
  An ice beast (D:6)
  7 orc warriors
  A sky beast (D:6)
  4 ogres
  3 centaurs
  2 lemures (D:5)
  2 phantoms (D:6)
  4 kobold brigands
  3 bullfrogs
  2 gnoll sergeants (D:10)
  5 scorpions
  7 necrophages
  3 wights (D:8)
  Dowan (D:7)
  2 electric eels (D:8)
  10 howler monkeys
  6 crimson imps (D:10)
  4 hounds
  4 orc priests (D:9)
  2 jellies
  2 gnoll shamans
  4 iguanas
  7 orc wizards
  Robin (D:2)
  19 gnolls
  5 river rats (Sewer)
  11 adders
  4 white imps
  5 worms
  4 dart slugs
  45 orcs
  11 endoplasms
  6 giant cockroaches
  9 goblins
  5 hobgoblins
  12 kobolds
  10 quokkas
  14 ball pythons
  6 bats
  9 frilled lizards
  20 rats
306 creatures vanquished.

Vanquished Creatures (collateral kills)
  A kobold brigand (D:6)
  A scorpion (D:6)
  A shadow imp (D:6)
  A kobold (D:6)
4 creatures vanquished.

Vanquished Creatures (others)
  448 foxfires
448 creatures vanquished.

Grand Total: 758 creatures vanquished

Notes
Turn   | Place    | Note
-------+----------+-------------------------------------------
     0 | D:1      | snetch the Djinni Fire Elementalist began the quest for the
                  | Orb.
     0 | D:1      | Reached XP level 1. HP: 15/15 MP: 0/0
   151 | D:1      | Reached XP level 2. HP: 6/21 MP: 0/0
   381 | D:1      | Found Qibbabb's Distillery.
   388 | D:1      | Bought a potion of degeneration for 13 gold pieces
   760 | D:1      | Reached skill level 3 in Spellcasting
   760 | D:1      | Reached XP level 3. HP: 19/25 MP: 0/0
   760 | D:1      | Learned a level 1 spell: Slow
  1346 | D:1      | Reached XP level 4. HP: 26/31 MP: 0/0
  2148 | D:2      | Found a faded altar of an unknown god.
  2161 | D:2      | Prayed at the altar of an unknown god.
  2161 | D:2      | Became a worshipper of Makhleb the Destroyer
  2161 | D:2      | Reached * piety under Makhleb
  2255 | D:2      | Noticed Sigmund
  2261 | D:2      | Killed Sigmund
  2262 | D:2      | Reached skill level 4 in Spellcasting
  2262 | D:2      | Reached XP level 5. HP: 32/35 MP: 0/0
  2262 | D:2      | Learned a level 2 spell: Wereblood
  2262 | D:2      | Reached XP level 6. HP: 36/40 MP: 0/0
  2304 | D:2      | You are sucked into a shaft and drop 2 floors!
  2404 | D:4      | Found a glowing drain.
  2418 | Sewer    | Entered a sewer
  2879 | Sewer    | Reached skill level 1 in Armour
  2880 | Sewer    | Reached ** piety under Makhleb
  3235 | D:4      | Noticed a black bear
  3240 | D:4      | Killed a black bear
  3241 | D:4      | Reached XP level 7. HP: 43/46 MP: 0/0
  3241 | D:4      | Learned a level 3 spell: Mephitic Cloud
  3257 | D:4      | Reached skill level 5 in Spellcasting
  3604 | D:4      | Reached skill level 1 in Fighting
  3818 | D:4      | Noticed Grinder
  3823 | D:4      | Killed Grinder
  3824 | D:4      | Reached XP level 8. HP: 47/52 MP: 0/0
  4225 | D:1      | Bought a potion of heal wounds for 65 gold pieces
  4225 | D:1      | Bought a potion of curing for 39 gold pieces
  4225 | D:1      | Bought a potion of curing for 39 gold pieces
  4225 | D:1      | Bought a potion of heal wounds for 65 gold pieces
  4293 | D:2      | Noticed Robin
  4310 | D:2      | Killed Robin
  5073 | D:3      | Reached *** piety under Makhleb
  5504 | D:5      | Entered Level 5 of the Dungeon
  6093 | D:5      | Noticed Pikel
  6131 | D:5      | Killed Pikel
  6132 | D:5      | Reached skill level 6 in Spellcasting
  6132 | D:5      | Reached XP level 9. HP: 15/61 MP: 0/0
  6132 | D:5      | Learned a level 3 spell: Portal Projectile
  6467 | D:7      | Reached skill level 5 in Armour
  6870 | D:5      | Found an ornate altar of the Wu Jian Council.
  6900 | D:5      | Found a bloodstained altar of Trog.
  7151 | D:6      | Found Cohaaph's Antique Armour Boutique.
  7177 | D:6      | Found an iron altar of Okawaru.
  7597 | D:6      | Found a staircase to the Ecumenical Temple.
  7627 | D:6      | Reached skill level 1 in Shields
  7641 | D:6      | Reached **** piety under Makhleb
  7665 | Temple   | Entered the Ecumenical Temple
  7904 | D:6      | Reached XP level 10. HP: 51/68 MP: 0/0
  8097 | D:6      | Reached skill level 7 in Spellcasting
  8234 | D:6      | Found a basalt altar of Yredelemnul.
  8766 | D:7      | Noticed Duvessa
  8766 | D:7      | Noticed Dowan
  8777 | D:7      | Killed Duvessa
  8777 | D:7      | Killed Dowan
  8841 | D:7      | Reached skill level 5 in Dodging
  8970 | D:8      | Reached skill level 8 in Spellcasting
  9003 | D:7      | Identified the +1 rapier of Xagocay {vamp, *Noise +Blink
                  | Int+4 Dex+5}
  9364 | D:7      | Found Renoluu's Antique Weapon Boutique.
  9776 | D:7      | Identified a scroll of acquirement
  9783 | D:7      | Acquired the +9 falchion of the Vestibule of Hell {flame,
                  | rN++ rCorr Dex+3}
  9811 | D:8      | Found a hazy altar of Hepliaklqana.
  9814 | D:8      | Found a shadowy altar of Dithmenos.
  9820 | D:8      | Noticed Maggie
  9830 | D:8      | Killed Maggie
  9907 | D:8      | Found a glowing golden altar of the Shining One.
  9984 | D:9      | Reached skill level 1 in Long Blades
  9994 | D:9      | Reached skill level 5 in Fighting
  9995 | D:9      | Reached XP level 11. HP: 68/75 MP: 0/0
  9995 | D:9      | Learned a level 5 spell: Alistair's Intoxication
 10351 | D:8      | Found a staircase to the Lair.
 10448 | D:6      | Bought a pair of embroidered gloves for 180 gold pieces
 10553 | D:8      | Reached skill level 9 in Spellcasting
 10644 | D:8      | Found a snail-covered altar of Cheibriados.
 10738 | D:8      | Acquired a manual of Spellcasting
 10851 | D:8      | Found a glowing silver altar of Zin.
 10851 | D:8      | Noticed an angel
 11342 | D:8      | Found an opulent altar of Gozag.
 11543 | D:9      | Reached ***** piety under Makhleb
 11819 | D:9      | Noticed Prince Ribbit
 11823 | D:9      | Killed Prince Ribbit
 11839 | D:10     | Entered Level 10 of the Dungeon
 11949 | D:10     | Reached skill level 10 in Spellcasting
 12796 | D:10     | Noticed a two-headed ogre
 12799 | D:10     | Noticed a two-headed ogre
 12799 | D:10     | Noticed Lodul
 12800 | D:10     | Noticed a two-headed ogre
 12800 | D:10     | Noticed a two-headed ogre
 12801 | D:10     | Noticed a two-headed ogre
 12803 | D:10     | Killed a two-headed ogre
 12805 | D:10     | Noticed a two-headed ogre
 12806 | D:10     | Killed a two-headed ogre
 12806 | D:10     | Noticed a two-headed ogre
 12809 | D:10     | Killed a two-headed ogre
 12811 | D:10     | Mangled by a two-headed ogre

Illustrated notes

Levels and vault maps discovered:
D:1:      erik_arrival_cave_to_civilisation [erik_arrival_cave_to_hall],
          layout_basic, serial_shops, nicolae_shop_advertising_works
          [nicolae_subvault_shop_adworks], minmay_pentomino_x4
D:2:      layout_basic, chequers_ecumenical_altar_island, uniq_sigmund,
          uniq_robin
D:3:      layout_basic, st_stairs_8
D:4:      minmay_polygon_palace, layout_loops_ring,
          cheibrodos_sewer_entry_drain, grunt_ministairs_15,
          minmay_misc_feat_plants, uniq_grinder
D:5:      layout_basic, mainiacjoe_overflow_alcove_4, trog_butcher_becter,
          kennysheep_generic_room_6, uniq_pikel
D:6:      layout_basic, okawaru_ov_weapons_minmay, marbit_many_paths,
          minmay_temple_entry_junction_2, serial_shops, shop
D:7:      minmay_skewed_foursquare, layout_cave_pools, serial_shops,
          nicolae_diamond_shop, uniq_duvessa
D:8:      layout_loops_corners, kennysheep_mini_moat, zin_angel, tso_altar,
          slow_altar_2, chequers_temple_overflow_statue_of_worship,
          lair_entry_dummy, nrook_pool_corridor, grunt_decor_resistance,
          uniq_maggie
D:9:      layout_rooms, special_room [special_room_orc], uniq_prince_ribbit1
D:10:     layout_basic, minmay_nine_imps, uniq_lodul
Temple:   pf_slimified_temple

Skill      XL: |  1  2  3  4  5  6  7  8  9 10 11 |
---------------+----------------------------------+-----
Spellcasting   | 3 4 5 6 8 10 | 10.7
Stealth        | 2 3 4 |  4.9
Armour         | 1 3 4 5 6 7 |  7.2
Dodging        | 3 4 5 6 |  6.0
Fighting       | 1 3 4 5 |  5.6
Shields        | 1 2 3 |  3.1
Long Blades    | 1 3 |  3.8
Invocations    | |  0.3

Action                   |  1- 3 |  4- 6 |  7- 9 | 10-12 || total
-------------------------+-------+-------+-------+-------++-------
Melee: Flail             |     7 |     6 |       |       ||    13
       Spear             |       |    58 |   145 |    18 ||   221
       Punch             |       |       |     1 |       ||     1
       Whip              |       |       |    39 |       ||    39
       Falchion          |       |       |       |   108 ||   108
 Cast: Foxfire           |    30 |    50 |   100 |    89 ||   269
       Scorch            |    11 |     6 |    35 |    93 ||   145
       Mephitic Cloud    |       |       |     2 |     5 ||     7
       Slow              |       |       |     1 |       ||     1
       Flame Wave        |       |       |       |    11 ||    11
       Wereblood         |       |       |       |     6 ||     6
       Alistair's Intoxi |       |       |       |     1 ||     1
Invok: Lesser Servant of |       |       |     1 |       ||     1
  Use: Scroll            |       |       |       |     8 ||     8
 Stab: Sleeping          |       |     9 |     5 |       ||    14
       Distracted        |       |       |     1 |       ||     1
       Confused          |       |       |     1 |       ||     1
Armor: Robe              |     6 |       |       |       ||     6
       Leather armour    |       |     6 |       |       ||     6
       Ring mail         |       |       |    82 |    18 ||   100
       Swamp dragon scal |       |       |       |    16 ||    16
       Acid dragon scale |       |       |       |    48 ||    48
Dodge: Dodged            |    11 |    38 |   101 |   143 ||   293
Block: Buckler           |       |       |    20 |    61 ||    81

Table legend: (Time is in decaauts)
 A = Elapsed time spent in this place.
 B = Non-inter-level travel time spent in this place.
 C = Inter-level travel time spent in this place.
 D = Time resting spent in this place.
 E = Time spent auto-exploring this place.
 F = Levels seen in this place.
 G = Mean time per level.
                   A        B        C        D        E       F      G
               +--------+--------+--------+--------+--------+-----+--------+
         Total |  12894 |  12152 |    742 |    250 |   8593 |  12 | 1074.5 |
       Dungeon |  11935 |  11203 |    732 |    250 |   7917 |  10 | 1193.5 |
        Temple |    180 |    170 |     10 |      0 |    146 |   1 |  180.0 |
         Sewer |    778 |    778 |      0 |      0 |    530 |   1 |  778.0 |
               +--------+--------+--------+--------+--------+-----+--------+

Top non-repeatable levels by time:
     D:1: 1976 daAuts
     D:6: 1443 daAuts
     D:4: 1428 daAuts
     D:8: 1383 daAuts
     D:2: 1201 daAuts
     D:7: 1140 daAuts
     D:5: 1123 daAuts
    D:10: 899 daAuts
   Sewer: 778 daAuts
     D:9: 713 daAuts
     D:3: 626 daAuts
  Temple: 180 daAuts
